 Dungeon Crawl Stone Soup version 0.28.0 (webtiles) character file.

Game seed: 6507283666830097735

1931 KamiKatze the Shield-Bearer (level 9, -1/47 HPs)
             Began as a Vine Stalker Fighter on Feb 6, 2022.
             Was a Follower of Uskayaw.
             Slain by a lemure (5 damage)
             ... led by Pikel
             ... while paralysed by Grinder
             ... on level 5 of the Dungeon.
             The game lasted 00:16:49 (4717 turns).

KamiKatze the Shield-Bearer (Vine Stalker Fighter)  Turns: 4717, Time: 00:16:49

Health: -1/47      AC: 10    Str: 23    XL:     9   Next: 17%
Magic:  0/11       EV:  2    Int:  8    God:    Uskayaw [*.....]
Gold:   262        SH:  0    Dex: 14    Spells: 8/8 levels left

rFire   . . .      SeeInvis .   a - +1 rapier (vamp)
rCold   . . .      Faith    .   c - +0 buckler
rNeg    . . .      Spirit   +   b - +0 scale mail
rPois   +          Reflect  .   D - +0 helmet
rElec   .          Harm     .   q - +0 cloak
rCorr   .          Rampage  .   p - +1 pair of gloves
Will    +....                   (no boots)
Stlth   ..........              e - amulet of regeneration
HPRegen 1.75/turn               i - ring of poison resistance
MPRegen 0.12/turn               t - +4 ring of protection

@: paralysed, corroded
A: fangs 3, regeneration 1, magic shield, antimagic bite, no potion heal 2
a: Renounce Religion, Stomp


You were on level 5 of the Dungeon.
You worshipped Uskayaw.
Uskayaw was noncommittal.
You visited 2 branches of the dungeon, and saw 9 of its levels.

You collected 387 gold pieces.
You spent 125 gold pieces at shops.

Inventory:

Hand Weapons
 a - a +1 vampiric rapier (weapon)
 r - the +11 dagger "Muimuf" {spect, Dex+3}
   (You found it on level 4 of the Dungeon)

   When its wielder attacks, the weapon's spirit leaps out and strikes again.
   The spirit shares a part of any damage it takes with its wielder.
   Dex:       It affects your dexterity (+3).
Missiles
 k - 159 stones (quivered)
 l - 30 poisoned darts
 z - 2 atropa-tipped darts
Armour
 b - a +0 scale mail (worn)
 c - a +0 buckler (worn)
 p - a +1 pair of gloves (worn)
 q - a +0 cloak (worn)
 D - a +0 helmet (worn)
Jewellery
 e - an amulet of regeneration (around neck)
 i - a ring of poison resistance (left hand)
 t - a +4 ring of protection (right hand)
Wands
 f - a wand of paralysis (9)
 s - a wand of mindburst (16)
 v - a wand of polymorph (12)
 C - a wand of charming (12)
Scrolls
 g - a scroll of teleportation
 h - a scroll of brand weapon
 n - 3 scrolls of amnesia
 y - 2 scrolls of enchant armour
Potions
 d - 3 potions of might
 j - 2 potions of mutation
 m - 3 potions of curing
 o - 2 potions of degeneration {unknown}
 u - a potion of resistance
 w - 2 potions of brilliance {unknown}
 x - 2 potions of flight
 A - a potion of cancellation {unknown}
 B - a potion of ambrosia {unknown}


   Skills:
 + Level 5.3 Fighting
 * Level 6.8 Short Blades
 - Level 2.4 Armour
 * Level 7.2 Shields
 + Level 2.0 Invocations


You had 8 spell levels left.
You didn't know any spells.
Your spell library contained the following spells:

 Spells                   Type           Power      Damage    Failure   Level
 Sublimation of Blood     Necr           0%         N/A       91%         2
 Wereblood                Tmut           0%         N/A       91%         2
 Summon Hydra             Summ           0%         N/A       100%        7


Dungeon Overview and Level Annotations

Branches:
Dungeon (8/15)             Temple (1/1) D:6
   Lair: D:8-11

Altars:
Ashenzari
Cheibriados
Dithmenos
Elyvilon
Fedhas
Hepliaklqana
Kikubaaqudgha
Makhleb
Nemelex Xobeh
Okawaru
Qazlal
Ru
Uskayaw
Wu Jian
Xom
Yredelemnul
Zin
The Shining One

Shops:
D:2 (   D:4 *

Annotations:
D:5 Edmund, Grinder, Pikel


Innate Abilities, Weirdness & Mutations

You have razor-sharp teeth.
Your natural rate of healing is unusually fast.
When hurt, damage is shared between your health and your magic reserves.
Your bite disrupts and absorbs the magic of your enemies.
Potions cannot restore your health.


Message History

There is a stone staircase leading down here.
Unknown command.
You block the jelly's attack. Grinder gestures at you.
You suddenly lose the ability to move!
Pikel hits you but does no damage. The lemure hits you.
The jelly hits you but does no damage.
Grinder says, "DUCK!"
Grinder hits you.
You writhe in agony.
The lemure barely misses you.
Pikel hits you with a +2 whip of flaming.
Pikel burns you. The lemure hits you. The jelly hits you but does no damage.
Grinder hits you but does no damage. The lemure hits you but does no damage.
Pikel hits you with a +2 whip of flaming.
Pikel burns you. The lemure hits you but does no damage.
The jelly hits you but does no damage.
Grinder blinks!
The lemure hits you but does no damage.
Pikel hits you with a +2 whip of flaming!
* * * LOW HITPOINT WARNING * * *
Pikel burns you.
* * * LOW HITPOINT WARNING * * *
The lemure hits you.
* * * LOW HITPOINT WARNING * * *
The jelly hits you.
* * * LOW HITPOINT WARNING * * *
You are splashed with acid.
* * * LOW HITPOINT WARNING * * *
The lemure hits you but does no damage.
Pikel hits you with a +2 whip of flaming.
* * * LOW HITPOINT WARNING * * *
Pikel burns you.
* * * LOW HITPOINT WARNING * * *
The lemure completely misses you. The jelly hits you. The acid corrodes you!
You are splashed with acid!
* * * LOW HITPOINT WARNING * * *
The lemure hits you but does no damage. The lemure hits you.
* * * LOW HITPOINT WARNING * * *
Pikel completely misses you. The jelly hits you but does no damage.
The lemure hits you.
You die...

................##.
..................# #. ...
##..#.............## ##.
##...
#.............#...##.#.
.... .
...............#.....#
.#..# .
..........#.........####..#
#
.........##....#.....##...#
#
.##......##.#.##5.........#
# #.............@K..5.....#
#
.........##...J5.........#
#
......##...###......)....##
# #..... #####
#...###......# # #....##
##.....###### ##..##
##....#..... #..#
##......... #..##
#......### #.# #......#


You could see Pikel, Grinder, 2 lemures and a jelly.

Vanquished Creatures
  A hornet zombie (D:6)
  An ice beast (D:7)
  2 ogres
  A centaur (D:6)
  3 phantoms
  2 lemures (D:6)
  4 bullfrogs
  A water moccasin zombie (D:6)
  2 scorpions
  A wyvern zombie (D:6)
  4 wights (D:7)
  2 howler monkeys (D:7)
  2 centaur zombies
  2 bullfrog zombies
  A centaur skeleton (D:6)
  2 hounds (D:6)
  An orc priest (D:7)
  Jessica (D:2)
  Natasha (thrice) (D:4)
  An orc wizard (D:7)
  A killer bee zombie (D:6)
  A hound skeleton (D:4)
  A howler monkey zombie (D:6)
  4 adders
  3 gnolls (D:6)
  3 white imps
  A worm (D:2)
  3 dart slugs
  4 orcs
  7 ball pythons
  4 endoplasms
  5 giant cockroaches
  9 goblins
  5 hobgoblins
  3 jackals (D:1)
  4 bats
  2 frilled lizards
  4 kobolds
  8 rats
109 creatures vanquished.

Vanquished Creatures (others)
  6 withered plants (D:6)
6 creatures vanquished.

Grand Total: 115 creatures vanquished

Notes
Turn   | Place    | Note
-------+----------+-------------------------------------------
     0 | D:1      | KamiKatze the Vine Stalker Fighter began the quest for the
                  | Orb.
     0 | D:1      | Reached XP level 1. HP: 11/11 MP: 2/2
   165 | D:1      | Reached XP level 2. HP: 16/16 MP: 3/3
   368 | D:1      | Reached skill level 3 in Shields
   533 | D:1      | Reached XP level 3. HP: 19/19 MP: 4/4
  1021 | D:2      | Found a faded altar of an unknown god.
  1236 | D:2      | Gained mutation: Your natural rate of healing is unusually
                  | fast. [Vine Stalker growth]
  1236 | D:2      | Reached XP level 4. HP: 24/24 MP: 5/5
  1303 | D:2      | Noticed Jessica
  1305 | D:2      | Killed Jessica
  1311 | D:2      | Found Wonnetik's Weapon Boutique.
  1512 | D:2      | Noticed a scorpion
  1521 | D:2      | Killed a scorpion
  1522 | D:2      | Reached XP level 5. HP: 28/28 MP: 6/6
  1770 | D:3      | Reached skill level 4 in Shields
  2071 | D:4      | Found Utusorua's Assorted Antiques.
  2090 | D:4      | Bought a scroll labelled ARI CAVAWU for 25 gold pieces
  2104 | D:4      | Bought a scroll labelled LUQOL DEMUYGI for 25 gold pieces
  2146 | D:4      | Noticed a phantom
  2163 | D:4      | Killed a phantom
  2164 | D:4      | Reached XP level 6. HP: 32/32 MP: 7/7
  2169 | D:4      | Bought a scroll labelled OGGING QAMUSMY for 25 gold pieces
  2182 | D:4      | Bought a scroll labelled WUINUPS MOJ JAFO for 25 gold
                  | pieces
  2210 | D:4      | Bought a scroll labelled ZUMOHY CEUQE for 25 gold pieces
  2262 | D:4      | Found a shimmering altar of Xom.
  2308 | D:4      | Found a glowing golden altar of the Shining One.
  2510 | D:4      | Identified the +11 dagger "Muimuf" {spect, Dex+3}
  2602 | D:4      | Noticed Natasha
  2615 | D:4      | Reached XP level 7. HP: 37/37 MP: 8/8
  2620 | D:4      | Killed Natasha
  2726 | D:4      | Noticed Natasha
  2729 | D:4      | Killed Natasha
  2730 | D:4      | Reached skill level 5 in Shields
  2746 | D:4      | Noticed Natasha
  2754 | D:4      | Killed Natasha
  2809 | D:5      | Entered Level 5 of the Dungeon
  2896 | D:5      | Noticed Grinder
  2903 | D:5      | Noticed Pikel
  3002 | D:5      | Noticed Edmund
  3054 | D:6      | Reached skill level 5 in Short Blades
  3215 | D:6      | Found a staircase to the Ecumenical Temple.
  3224 | Temple   | Entered the Ecumenical Temple
  3256 | Temple   | Became a worshipper of Uskayaw the Reveller
  3372 | D:6      | Reached * piety under Uskayaw
  3386 | D:6      | Identified the +1 long sword "Lachyrgh" {distort, rElec
                  | rPois Str+2}
  3410 | D:6      | Reached ** piety under Uskayaw
  3416 | D:6      | Reached *** piety under Uskayaw
  3431 | D:6      | Gained mutation: You have razor-sharp teeth. [Vine Stalker
                  | growth]
  3431 | D:6      | Reached XP level 8. HP: 42/42 MP: 9/9
  3535 | D:6      | Reached skill level 6 in Shields
  4032 | D:7      | Reached skill level 5 in Fighting
  4078 | D:7      | Reached skill level 1 in Invocations
  4119 | D:7      | Reached XP level 9. HP: 41/47 MP: 9/11
  4124 | D:7      | Reached **** piety under Uskayaw
  4150 | D:7      | Reached skill level 7 in Shields
  4641 | D:7      | Found a sacrificial altar of Ru.
  4711 | D:5      | Paralysed by Grinder for 7 turns
  4716 | D:5      | HP: 2/47 [lemure[Pikel] (1)]
  4717 | D:5      | Slain by a lemure

Illustrated notes

Levels and vault maps discovered:
D:1:      nicolae_arrival_somewhat_less_tricky_arrival, layout_basic
D:2:      layout_loops_ring, nicolae_ecumenical_pavilion, serial_shops,
          nicolae_shop_bloodbath_and_beyond, uniq_jessica
D:3:      layout_rooms, corexii_leaking_fountain
D:4:      layout_cave_pools, kennysheep_mini_moat, xom_butterflies,
          serial_shops, shop, minmay_fractal_squares_gapless_5, uniq_natasha
D:5:      layout_layer_cave, hellmonk_ghost_happy_afterlife, uniq_edmund,
          uniq_pikel, uniq_prince_ribbit1, uniq_grinder
D:6:      layout_loops_ring, lemuel_temple_firewalk_a, serial_undead,
          serial_undead_f, serial_undead_b, serial_undead_f, serial_undead_b,
          hex_large, minmay_misc_feat_tower
D:7:      layout_cave_pools, nicolae_ru_path_of_blood
D:8:      layout_layer_cave, grunt_gozag_breadcrumbs, minmay_crystal_room,
          st_stairs_13, uniq_harold
Temple:   regret_index_temple_waves

Skill      XL: |  1  2  3  4  5  6  7  8  9 |
---------------+----------------------------+-----
Short Blades   | 2 3 4 5 6 |  6.8
Shields        | 3 4 5 6 7 |  7.2
Fighting       | 3 4 5 |  5.3
Invocations    | 1 2 |  2.0
Armour         | |  2.4

Action                   |  1- 3 |  4- 6 |  7- 9 || total
-------------------------+-------+-------+-------++-------
Melee: Rapier            |    95 |   103 |   233 ||   431
       Bite              |    14 |    26 |    80 ||   120
  Use: Scroll            |       |    10 |     3 ||    13
 Stab: Paralysed         |       |       |     5 ||     5
Armor: Scale mail        |    34 |    42 |   119 ||   195
Dodge: Dodged            |    47 |    42 |   112 ||   201
Block: Buckler           |    17 |    30 |    72 ||   119
